 Dungeon Crawl Stone Soup version 0.30-a0-269-gf0224bf7b6 (webtiles) character file.

Game seed: 2504782311386605211

19 Low2 the Ducker (level 2, -4/22 HPs)
             Began as a Human Gladiator on Oct 14, 2022.
             Was an Initiate of Dithmenos.
             Slain by Crazy Yiuf
             ... wielding a +3 quarterstaff of chaos
              (13 damage)
             ... on level 2 of the Dungeon.
             The game lasted 00:04:16 (646 turns).

Low2 the Ducker (Human Gladiator)                    Turns: 646, Time: 00:04:17

Health: -4/22      AC: 10    Str: 14    XL:     2   Next: 95%
Magic:  2/2        EV: 11    Int:  8    God:    Dithmenos [......]
Gold:   57         SH:  0    Dex: 14    Spells: 1/1 levels left

rFire   . . .      SeeInvis .    a - +0 flail
rCold   . . .      Faith    .    (no shield)
rNeg    . . .      Spirit   .    n - +0 ring mail
rPois   .          Reflect  .    c - +0 helmet
rElec   .          Harm     .    (no cloak)
rCorr   .          Rampage  .    (no gloves)
Will    .....                    (no boots)
Stlth   +.........               (no amulet)
HPRegen 0.23/turn                f - +4 ring of protection
MPRegen 0.08/turn                (no ring)

@: no status effects
A: no striking features
a: Renounce Religion


You were on level 2 of the Dungeon.
You worshipped Dithmenos.
Dithmenos was noncommittal.
You visited 1 branch of the dungeon, and saw 2 of its levels.

You collected 57 gold pieces.

Inventory:

Hand Weapons
 a - a +0 flail (weapon)
 h - a +0 sling
Missiles
 e - a throwing net (quivered)
 g - a javelin
 q - 3 stones
Armour
 b - a +0 leather armour
 c - a +0 helmet (worn)
 n - a +0 ring mail (worn)
Jewellery
 f - a +4 ring of protection (left hand)
 l - a ring of wizardry
Scrolls
 d - 2 scrolls of vulnerability {unknown}
 j - a scroll of identify {unknown}
 k - a scroll of teleportation {unknown}
 m - 2 scrolls of enchant armour {unknown}
 p - 4 scrolls of poison {unknown}
Potions
 i - a potion of cancellation {unknown}
 o - a potion of mutation {unknown}


   Skills:
 + Level 2.2 Fighting
 + Level 3.2 Maces & Flails
 + Level 2.0 Throwing
 + Level 3.5 Dodging
 + Level 0.2 Stealth


You had one spell level left.
You didn't know any spells.
Your spell library was empty.

Dungeon Overview and Level Annotations

Branches:
Dungeon (2/15)

Altars:
Dithmenos

Annotations:
D:2 Crazy Yiuf


Message History

You barely miss the kobold.
The kobold is severely wounded.
The kobold closely misses you.
The goblin shoots a sling bullet.
The sling bullet hits you.
You sock the kobold!
You kill the kobold!
Dithmenos accepts your kill.
The goblin shoots a sling bullet.
The sling bullet closely misses you.
Throw: 2 throwing nets
Press: ? - help, Q - select action, (/) - cycle Shift-Dir - straight line, f - goblin
Aim: a goblin, wielding a +0 sling (53% to hit)
You throw a throwing net. The throwing net hits the goblin.
The goblin is caught in the net!
The goblin struggles against the net.
The goblin struggles against the net.
The goblin struggles against the net.
The goblin struggles against the net.
The goblin struggles against the net.
You sock the goblin!
You kill the goblin!
Dithmenos accepts your kill.
p - 4 scrolls labelled KOSOBA ZAGOUBO (gained 1)
Things that are here:
a +0 sling; a +0 dagger; a goblin corpse
Things that are here:
a +0 sling; a +0 dagger; a goblin corpse You now have 57 gold pieces (gained 10).
Found a hammer.
Found a runed translucent door.
Crazy Yiuf shouts!
You open the door. You thump Crazy Yiuf!
Crazy Yiuf is moderately wounded.
Crazy Yiuf hits you but does no damage.
You blink.
Crazy Yiuf attacks as you move away!
Crazy Yiuf hits you with a +3 quarterstaff of chaos!
Ouch! That really hurt!
Crazy Yiuf freezes you.
Crazy Yiuf hits you with a +3 quarterstaff of chaos!
Ouch! That really hurt!
You die...

##### ###
#..@# ##.#
#.g.# #..#
#...# #..#
##'## #..#
##.#
...........
#..# #.##
......>...
#..# ##.#
.....$....
##.# #.##
#.........
##.# ##.##
#.........


You could see Crazy Yiuf.

Vanquished Creatures
  A ball python (D:1)
  2 endoplasms (D:2)
  2 goblins
  6 jackals (D:1)
  A quokka (D:1)
  A frilled lizard (D:2)
  2 kobolds
15 creatures vanquished.

Notes
Turn   | Place    | Note
-------+----------+-------------------------------------------
     0 | D:1      | Low2 the Human Gladiator began the quest for the Orb.
     0 | D:1      | Reached XP level 1. HP: 16/16 MP: 1/1
   181 | D:1      | Reached XP level 2. HP: 7/22 MP: 2/2
   372 | D:2      | Found a shadowy altar of Dithmenos.
   398 | D:2      | Became a worshipper of Dithmenos the Shadowed
   638 | D:2      | Found a runed translucent door.
   639 | D:2      | Noticed Crazy Yiuf
   646 | D:2      | Slain by Crazy Yiuf

Illustrated notes

Levels and vault maps discovered:
D:1:      heliophobic_arrival_dark_side_of_the_moon, layout_loops_ring,
          minmay_misc_feat_tower, st_stairs_2
D:2:      layout_rooms, basic_altar, minmay_between, uniq_crazy_yiuf_cottage

Action                   || total
-------------------------++-------
Melee: Flail             ||    47
       Punch             ||     1
Throw: Throwing net      ||     5
       Javelin           ||     1
  Use: Potion            ||     1
Armor: Leather armour    ||    29
       Ring mail         ||     3
Dodge: Dodged            ||    59

Table legend: (Time is in decaauts)
 A = Elapsed time spent in this place.
 B = Non-inter-level travel time spent in this place.
 C = Inter-level travel time spent in this place.
 D = Time resting spent in this place.
 E = Time spent auto-exploring this place.
 F = Levels seen in this place.
 G = Mean time per level.
                   A        B        C        D        E       F      G
               +--------+--------+--------+--------+--------+-----+--------+
         Total |    656 |    656 |      0 |     69 |      0 |   2 |  328.0 |
       Dungeon |    656 |    656 |      0 |     69 |      0 |   2 |  328.0 |
               +--------+--------+--------+--------+--------+-----+--------+

Top non-repeatable levels by time:
     D:1: 379 daAuts
     D:2: 277 daAuts
